[Event "Early-Titled-Tuesday-Blitz-February-13-2024"]
[Site "Chess.com"]
[Date "2024.02.13"]
[Round "3"]
[White "killer_dreams"]
[Black "traviscottofficial"]
[Result "0-1"]
[WhiteElo "2474"]
[BlackElo "2663"]
[TimeControl "180+1"]
[EndTime "8:32:14 PST"]
[Termination "traviscottofficial won by checkmate"]

1. d4 Nf6 2. Nf3 g6 3. e3 Bg7 4. Be2 O-O 5. O-O c5 6. dxc5 Qc7 7.
a3 a5 8. c4 Qxc5 9. Nc3 d6 10.
b4 Qc7 11. Bb2 Be6 12. Rc1 axb4 13. axb4 Qb6 14. Nb5 Nc6 15. c5 dxc5 16. bxc5 Qd8 17. Nfd4 Bd5 18. Nc3 Nxd4 19. exd4 Bc6 20. Bc4 e6 21.
Qb3 Re8 22. Rfd1 Ng4 23. h3 Nxf2 24. Kxf2 Qh4+ 25. Kg1 Bxd4+ 26. Rxd4 Qxd4+ 27. Kh1 Qxc5 28. Nb5 Qg5 29. Bf1 Rad8 30. Qc3 e5 31. Na3 Rd2 32. Rc2 Bxg2+ 33. Kh2 Rxc2 34. Nxc2 Bxf1 35. Qc7 Qg2# 0-1

[Event "Early-Titled-Tuesday-Blitz-February-13-2024"]
[Site "Chess.com"]
[Date "2024.02.13"]
[Round "3"]
[White "FoxOnTheRun97"]
[Black "KetiTsatsalashvili"]
[Result "1-0"]
[WhiteElo "2652"]
[BlackElo "2470"]
[TimeControl "180+1"]
[EndTime "8:32:14 PST"]
[Termination "FoxOnTheRun97 won by checkmate"]

1. d4 Nf6 2. Bg5 c5 3. d5 Qb6 4. Nc3 g6 5. e4 d6 6. Rb1 Bg7 7. Nf3 O-O 8. Nd2 Nbd7 9. Be2 h6 10. Be3 Ne5 11. h3 Qc7 12. O-O g5 13. Nc4 Nxc4 14.
Bxc4 a6 15. a4 Bd7 16. f4 gxf4 17. Bxf4 b5 18. axb5 axb5 19. Bxb5 Nxe4 20. Nxe4 Bxb5 21. Rf3 f5 22. Ng3 Be8 23. c3 Bg6 24. Qd2 Kh7 25. Re1 Ra2 26. Rfe3 Rf7 27. h4 h5 28. Re6 Qb7 29. Qe2 Rxb2 30. Qf3 Rb3 31. Rxg6 Rxc3 32. Qxh5+ Kg8 33. Nxf5 c4 34. Nh6+ Kf8 35. Nxf7 Qb6+ 36. Kh1 Qd4 37. Rxg7 Kxg7 38. Bh6+ Kg8 39. Qg6+ Qg7 40.
Qxg7# 1-0

[Event "Early-Titled-Tuesday-Blitz-February-13-2024"]
[Site "Chess.com"]
[Date "2024.02.13"]
[Round "3"]
[White "GMthekingindian"]
[Black "Alenzer"]
[Result "0-1"]
[WhiteElo "2331"]
[BlackElo "2129"]
[TimeControl "180+1"]
[EndTime "8:32:14 PST"]
[Termination "Alenzer won by checkmate"]

1. e4 c5 2. c3 e6 3. d4 d5 4. exd5 exd5 5. Nf3 Nf6 6. Bb5+ Nc6 7. O-O Bd6 8. Re1+ Be6 9. Ng5 O-O 10. g3 Bg4 11. f3 Bh5 12. Bxc6 bxc6 13. Be3 cxd4 14. Bxd4 h6 15. Nh3 Ne4 16. Nd2 Nxd2 17. Qxd2 Bxf3 18. Re3 Bg4 19. Nf2 Be6 20. Be5 Bc5 21. Bd4 Be7 22.
Rae1 Bg5 23. Nd3 Bxe3+ 24. Qxe3 Qg5 25. Nf4 Rfe8 26. Qf2 Bg4 27. Rf1 f6 28. a4 Re7 29.
a5 Rae8 30. Bxa7 Qf5 31. a6 g5 32. Nd3 Qxd3 33. Qxf6 Qh7 34. Bd4 Rf7 35. Qxc6 Rxf1+ 36. Kxf1 Qf7+ 37. Kg2 Re2+ 38. Kg1 Re1+ 39. Kg2 Qf1# 0-1

[Event "Early-Titled-Tuesday-Blitz-February-13-2024"]
[Site "Chess.com"]
[Date "2024.02.13"]
[Round "3"]
[White "sergoy"]
[Black "AlexPapasimakopoulos"]
[Result "1-0"]
[WhiteElo "2976"]
[BlackElo "2732"]
[TimeControl "180+1"]
[EndTime "8:32:15 PST"]
[Termination "sergoy won by resignation"]

1. d4 d5 2. c4 e6 3. Nf3 a6 4.
cxd5 exd5 5. Nc3 c6 6. Bf4 Bd6 7. g3 Qf6 8. Qd2 Bxf4 9. gxf4 Ne7 10. e3 Bf5 11. O-O-O Nd7 12. Ne5 Qe6 13. Na4 Nxe5 14. fxe5 Qg6 15. h4 h5 16. Be2 Qh6 17. Rdg1 O-O-O 18. Qb4 Ng6 19. Nc5 Rd7 20. Nxd7 Bxd7 21. Bd3 Nf8 22. Qe7 Qe6 23. Qxe6 Nxe6 24. f4 g6 25. f5 gxf5 26. Bxf5 Kd8 27. Rf1 Ke7 28. Rhg1 a5 29. Kd2 b6 30. Rg2 c5 31. Rgf2 Rg8 32. Bd3 Rg7 33. Be2 cxd4 34. Bxh5 dxe3+ 35. Kxe3 d4+ 36. Kd2 Be8 37. Bf3 Bb5 38. Rh1 Rh7 39. h5 Ng5 40. Bg2 Bd7 41. h6 Be6 42. Rf4 Bxa2 43. Rxd4 Be6 44. Rd6 b5 45. Rb6 b4 46. Rb5 b3 47.
Rxa5 Rh8 48. Ra7+ Kf8 49. Ra8+ 1-0

[Event "Early-Titled-Tuesday-Blitz-February-13-2024"]
[Site "Chess.com"]
[Date "2024.02.13"]
[Round "3"]
[White "RobertoJBM"]
[Black "themind1hunter"]
[Result "1-0"]
[WhiteElo "2801"]
[BlackElo "2507"]
[TimeControl "180+1"]
[EndTime "8:32:15 PST"]
[Termination "RobertoJBM won on time"]

1. d4 Nf6 2. Nf3 d5 3. e3 e6 4. Bd3 Be7 5. Nbd2 O-O 6. O-O c5 7. c3 b6 8. e4 cxd4 9. Nxd4 dxe4 10. Nxe4 Bb7 11. Qe2 Nbd7 12. Rd1 Qb8 13. Bg5 h6 14. Bh4 Nd5 15. Bg3 Nf4 16. Qe3 e5 17. Nf5 Bc5 18.
Nxc5 Nxc5 19. Bf1 Qc7 20. Nd6 Ng6 21. Nxb7 Qxb7 22. Bc4 Rad8 23. f3 Qc6 24. b3 Qf6 25. b4 Ne6 26. Bf1 Ngf4 27. Rac1 Nd5 28. Qxe5 Qxe5 29.
Bxe5 Ne3 30. Rxd8 Rxd8 31. Kf2 Nxf1 32. Kxf1 Rd2 33. c4 f6 34. Bg3 Rxa2 35. c5 bxc5 36. bxc5 Ra3 37. c6 1-0

[Event "Early-Titled-Tuesday-Blitz-February-13-2024"]
[Site "Chess.com"]
[Date "2024.02.13"]
[Round "3"]
[White "martinmena"]
[Black "Defenstrator"]
[Result "0-1"]
[WhiteElo "2120"]
[BlackElo "2351"]
[TimeControl "180+1"]
[EndTime "8:32:15 PST"]
[Termination "Defenstrator won by resignation"]

1. c4 g6 2. g3 Bg7 3. Bg2 Nf6 4. Nc3 O-O 5. d3 c6 6. e4 Na6 7. Bg5 d5 8. cxd5 cxd5 9. e5 Ng4 10. Nxd5 f6 11.
exf6 exf6 12. Be3 f5 13. h3 Nxe3 14. fxe3 Be6 15. Nc3 Qg5 16. Kf2 f4 17. gxf4 Qh4+ 18. Ke2 Rae8 19. Qe1 Qe7 20. Nf3 Nc5 21. b4 Nxd3 22.
Kxd3 Qxb4 23. Nd4 Bxd4 24. exd4 Bc4+ 25. Kc2 Rxe1 26. Rhxe1 Rxf4 27. Re4 Rf2+ 28. Ne2 Bxe2 29. Rb1 Bd3+ 30. Kxd3 Qxb1+ 31. Kc4 Rc2+ 32. Kd5 Qxa2+ 33. Ke5 Rxg2 34. Kd6 Qa6+ 35. Kd7 Qc6+ 36. Kd8 Qxe4 37. d5 Qxd5+ 38. Kc8 b5 39. h4 Rh2 40. h5 Rxh5 41. Kc7 b4 42. Kb8 b3 43. Kxa7 b2 44. Kb6 b1=Q+ 45.
Kc7 Qc2+ 0-1

[Event "Early-Titled-Tuesday-Blitz-February-13-2024"]
[Site "Chess.com"]
[Date "2024.02.13"]
[Round "3"]
[White "cukricek"]
[Black "kingofthenil"]
[Result "0-1"]
[WhiteElo "2487"]
[BlackElo "2684"]
[TimeControl "180+1"]
[EndTime "8:32:16 PST"]
[Termination "kingofthenil won on time"]

1. g3 h5 2. Nf3 e5 3. Nxe5 h4 4.
Bg2 Nc6 5. d4 Qf6 6. Nxc6 dxc6 7. e4 Be6 8. Nc3 O-O-O 9. Be3 Nh6 10. Qd2 h3 11. Bf1 Qf3 12. Rg1 Ng4 13. Be2 Nxh2 14. O-O-O Bg4 15. Rh1 Qg2 16. Rdg1 Nf3 17. Qd1 Bb4 18.
Rxg2 hxg2 19. Rg1 Nxg1 20. Bxg4+ Kb8 21. Qxg1 Rh1 22. f4 Bxc3 23. bxc3 Rdh8 24. Kd2 Rxg1 25. Bxg1 Rh1 26. Be3 g1=Q 27. Bxg1 Rxg1 28. Bd7 Rxg3 29. f5 c5 30. e5 cxd4 31. cxd4 c5 32. d5 Kc7 33. Be8 f6 34. d6+ Kd8 35. exf6 Kxe8 36. f7+ Kxf7 0-1

[Event "Early-Titled-Tuesday-Blitz-February-13-2024"]
[Site "Chess.com"]
[Date "2024.02.13"]
[Round "3"]
[White "Iskusnyh"]
[Black "Binary010"]
[Result "1/2-1/2"]
[WhiteElo "2655"]
[BlackElo "2899"]
[TimeControl "180+1"]
[EndTime "8:32:18 PST"]
[Termination "Game drawn by repetition"]

1. d4 Nf6 2. c4 e6 3. g3 c5 4.
Nf3 cxd4 5. Nxd4 d5 6. Bg2 e5 7. Nf3 d4 8. O-O Nc6 9. e3 Be7 10. exd4 exd4 11. Bf4 O-O 12. Ne5 Qb6 13. Re1 Be6 14. Nd2 Nxe5 15. Rxe5 a6 16. Qb3 Qxb3 17. Nxb3 Rae8 18. Nxd4 Bxc4 19. Rae1 Bb4 20. Rxe8 Nxe8 21. Rc1 Bxa2 22. Bxb7 a5 23. Nc6 Bd6 24. Nxa5 Bxf4 25.
gxf4 Nd6 26. Bf3 Be6 27. b4 g6 28. Rd1 Nb5 29. Nc6 Kg7 30. Nd4 Nxd4 31. Rxd4 Rb8 32. Bc6 Kf6 33. b5 h5 34. h4 Ke7 35. Kg2 Bc8 36. Kg3 Bf5 37. Ra4 Bd3 38. Ra7+ Ke6 39.
Ra6 Ke7 40. Ra7+ Ke6 41. Ra6 Ke7 42. Ra7+ 1/2-1/2

[Event "Early-Titled-Tuesday-Blitz-February-13-2024"]
[Site "Chess.com"]
[Date "2024.02.13"]
[Round "3"]
[White "AlmasRakhmatullaev"]
[Black "temiksmozg"]
[Result "1-0"]
[WhiteElo "2879"]
[BlackElo "2605"]
[TimeControl "180+1"]
[EndTime "8:32:18 PST"]
[Termination "AlmasRakhmatullaev won by resignation"]

1. e4 c5 2. Nf3 Nc6 3. Bb5 g6 4. O-O Bg7 5. Re1 Nf6 6. c3 O-O 7. h3 e5 8. Na3 d6 9. Nc2 Qc7 10. d4 cxd4 11. cxd4 a6 12. Bxc6 bxc6 13. Bg5 a5 14. Rc1 Ba6 15. Qd2 Rfe8 16. Bxf6 Bxf6 17. Ne3 Bg7 18. dxe5 dxe5 19. Rc3 Bf8 20. a3 Red8 21.
Qc2 Rac8 22. Rc1 Qe7 23. Nc4 Bh6 24. Re1 f6 25. Nxa5 c5 26. Rd1 Rxd1+ 27. Qxd1 Kg7 28. Qc2 f5 29. exf5 e4 30. Nd2 gxf5 31. Ndc4 Bf4 32. g3 Bb8 33. Ne3 Kg6 34. b4 h5 35. Rxc5 Rf8 36.
Rc6+ Rf6 37. Nd5 Rxc6 38. Nxe7+ 1-0

[Event "Early-Titled-Tuesday-Blitz-February-13-2024"]
[Site "Chess.com"]
[Date "2024.02.13"]
[Round "3"]
[White "disciplinedbrat"]
[Black "Kostukov_Alex"]
[Result "1-0"]
[WhiteElo "2494"]
[BlackElo "2230"]
[TimeControl "180+1"]
[EndTime "8:32:18 PST"]
[Termination "disciplinedbrat won on time"]

1. d4 g6 2. e4 Bg7 3. Nc3 d6 4. Be3 e5 5. dxe5 dxe5 6. Qxd8+ Kxd8 7. O-O-O+ Nd7 8. Nf3 f6 9. Bc4 Bh6 10. Rhe1 c6 11. Kb1 Bxe3 12. Rxe3 Ke7 13. Red3 Nh6 14. b4 Nb6 15. Bb3 Be6 16. b5 Nf7 17. a4 Bxb3 18. cxb3 a5 19. Ne1 Rhd8 20. g3 Nd6 21. f4 cxb5 22. fxe5 fxe5 23. axb5 Rac8 24. Nf3 Rc5 25.
Nd5+ Nxd5 26. Rxd5 Rxd5 27. Rxd5 Nf7 28. Rc5 Kd6 29.
Rd5+ Ke6 30. Rxd8 Nxd8 31. Ng5+ Kd6 32. Nxh7 Kc5 33. h4 Kxb5 34. Nf8 Kb4 35. Kb2 b5 36. Nxg6 a4 37. bxa4 bxa4 38. h5 a3+ 39. Ka2 Nf7 40. g4 Kc4 41. Nxe5+ Nxe5 42. g5 Kd4 43. g6 Kxe4 44.
g7 1-0

[Event "Early-Titled-Tuesday-Blitz-February-13-2024"]
[Site "Chess.com"]
[Date "2024.02.13"]
[Round "3"]
[White "kekic76"]
[Black "JEIGOTH"]
[Result "0-1"]
[WhiteElo "2359"]
[BlackElo "2203"]
[TimeControl "180+1"]
[EndTime "8:32:18 PST"]
[Termination "JEIGOTH won by resignation"]

1. c4 c5 2. Nc3 g6 3. Nf3 Bg7 4. g3 Nc6 5. Bg2 e6 6. O-O Nge7 7. d3 O-O 8. Bd2 b6 9. Qc1 Bb7 10. Bh6 d6 11. Bxg7 Kxg7 12. Rb1 Qd7 13. a3 f5 14. b4 Rae8 15. Qb2 e5 16. bxc5 dxc5 17. Nb5 Ng8 18. Nxe5 Nxe5 19. f4 Bxg2 20. Kxg2 a6 21.
fxe5 Qc6+ 22. e4 axb5 23. cxb5 Qe6 24. exf5 Rxf5 25. Rxf5 Qxf5 26. Rf1 Qxe5 27. Qf2 Qe2 28. Kg1 Qxf2+ 29. Rxf2 Nf6 30. Rd2 Rd8 31. Kf2 Ng4+ 32. Kf3 Ne5+ 33. Ke4 Kf6 34. Rf2+ Ke6 35. Rd2 Nd7 36. a4 Ra8 37. Ra2 Nf6+ 38. Ke3 Nd5+ 39. Kd2 Nb4 40. Ra3 Kd5 41. Kc3 Rf8 42. Ra1 Rf2 43. Re1 Rxh2 44. Re7 Rc2+ 45. Kb3 Rd2 46. Rd7+ Ke6 47. Rxh7 Rxd3+ 48. Kb2 Rxg3 49. Rb7 Nd5 50. Ra7 Rg2+ 51. Kb3 g5 52. Ra6 g4 53. a5 Rg3+ 54. Kc2 Nb4+ 55. Kd2 Nxa6 56. bxa6 Ra3 0-1

[Event "Early-Titled-Tuesday-Blitz-February-13-2024"]
[Site "Chess.com"]
[Date "2024.02.13"]
[Round "3"]
[White "bylavochka"]
[Black "BozeKat"]
[Result "0-1"]
[WhiteElo "2299"]
[BlackElo "2012"]
[TimeControl "180+1"]
[EndTime "8:32:18 PST"]
[Termination "BozeKat won on time"]

1. e4 c6 2. d4 d5 3. Nc3 a6 4. Nf3 Bg4 5. Be2 e6 6. O-O Nf6 7. exd5 cxd5 8. Ne5 Bxe2 9. Nxe2 Nc6 10. Nxc6 bxc6 11. c3 c5 12. dxc5 Bxc5 13. Bg5 O-O 14.
Ng3 Be7 15. Qe2 Qb6 16. Rfd1 Rab8 17. Rab1 Rfc8 18. h4 h6 19. Bf4 Bd6 20. Bxd6 Qxd6 21. Nh5 Qe7 22. Nxf6+ Qxf6 23. g3 Rc4 24. Rd3 Qg6 25. h5 Qg4 26. Re3 Qxe2 27. Rxe2 Rxc3 28. Rd1 Rc4 29. f3 a5 30. Rd3 a4 31. Ra3 Rcb4 32.
Kf2 Kf8 33. Ke3 Ke7 34. Rc2 Kf6 35. g4 Rxb2 36. Rxb2 Rxb2 37. Rxa4 Rb1 38. Ra7 Re1+ 39. Kd2 Rf1 40. Ke2 Ra1 41. a4 d4 42. Kd3 e5 43.
Ra6+ Kg5 44. Ra7 f6 45. Rxg7+ Kf4 46. Rg6 Ra3+ 47. Ke2 Re3+ 48. Kd2 Ra3 49. Rxf6+ Kg3 50. Rf5 Rxa4 51. Rxe5 Ra3 52. g5 Rxf3 53. g6 Kf2 0-1

[Event "Early-Titled-Tuesday-Blitz-February-13-2024"]
[Site "Chess.com"]
[Date "2024.02.13"]
[Round "3"]
[White "BogdanDeac"]
[Black "Sokoloco"]
[Result "0-1"]
[WhiteElo "2990"]
[BlackElo "2780"]
[TimeControl "180+1"]
[EndTime "8:32:20 PST"]
[Termination "Sokoloco won by resignation"]

1. b3 Nf6 2. Bb2 g6 3. Nf3 Bg7 4. g3 b6 5. Bg2 Bb7 6. c4 c5 7. O-O O-O 8. e3 e6 9. Qe2 Qe7 10. d3 d6 11. Nc3 Nc6 12. d4 cxd4 13. exd4 d5 14. Rfd1 Rfd8 15. Ne5 Rac8 16. cxd5 Nxd5 17.
Nxd5 exd5 18. Qe3 f6 19. Nd3 Qxe3 20. fxe3 Ne7 21. Rac1 Nf5 22. Kf2 Bh6 23. Nf4 Bxf4 24. gxf4 Re8 25. Rxc8 Rxc8 26. Rd2 Nd6 27. Ba3 Nb5 28. Bb2 Nd6 29. Ba3 Nb5 30. Bb2 Kf7 31. Bf1 Nc7 32. Bd3 Ba6 33. Bb1 f5 34. a4 Ne8 35. b4 Bc4 36. b5 Bb3 37. Ba3 Bxa4 38.
Bd3 Rc3 39. Bb2 Rb3 40. Be2 Bxb5 41. Bf3 Ke6 42. Bc1 Nd6 43. Rc2 Bc4 44. Ra2 a5 45. Ra1 Nb5 0-1

[Event "Early-Titled-Tuesday-Blitz-February-13-2024"]
[Site "Chess.com"]
[Date "2024.02.13"]
[Round "3"]
[White "Virgo15"]
[Black "jefferyx"]
[Result "0-1"]
[WhiteElo "2768"]
[BlackElo "3013"]
[TimeControl "180+1"]
[EndTime "8:32:21 PST"]
[Termination "jefferyx won by resignation"]

1. d4 d5 2. Bf4 Nf6 3. e3 e6 4.
Nf3 c5 5. c3 Qb6 6. Qb3 Bd7 7.
Nbd2 Bc6 8. Ne5 Nbd7 9. Be2 Be7 10. h4 O-O 11. h5 h6 12. g4 Nxe5 13. Bxe5 Nd7 14. Bf4 Rfc8 15. Rg1 Qd8 16. Nf3 Qb6 17. Qc2 Bb5 18. g5 hxg5 19. Bxg5 Bxe2 20. Qxe2 Qd8 21. O-O-O b5 22. Bh6 Bf6 23. Bxg7 Bxg7 24. h6 Qf6 25. Rxg7+ Kf8 26. Rdg1 Qxh6 27. Qxb5 Nf6 28. Qb7 Qxg7 29.
Rxg7 Kxg7 30. Ne5 Rf8 31. dxc5 a5 32. c6 Ne4 33. f3 Nd6 34. Qe7 Ne8 35. Qg5+ Kh7 36.
Nd7 Rg8 37. Qh5+ Kg7 38. Qe5+ Kh7 39. Nb6 Ra7 40. Nd7 Ra8 41. Qh5+ Kg7 42. f4 Rc8 43. Qe5+ Kh7 44. Qh5+ Kg7 45. Ne5 Rc7 46. Qg5+ Kh7 47. Qd8 Kg7 48. b4 axb4 49. cxb4 f6 50. b5 fxe5 51. fxe5 Kf7 52. Qd6 Nxd6 53. exd6 Rxc6+ 54. bxc6 Rc8 55. c7 Ke8 0-1

[Event "Early-Titled-Tuesday-Blitz-February-13-2024"]
[Site "Chess.com"]
[Date "2024.02.13"]
[Round "3"]
[White "gxbg2000"]
[Black "Jamal-Jamal-Jamal"]
[Result "0-1"]
[WhiteElo "2075"]
[BlackElo "2333"]
[TimeControl "180+1"]
[EndTime "8:32:21 PST"]
[Termination "Jamal-Jamal-Jamal won by resignation"]

1. e4 c5 2. Nf3 Nc6 3. d4 cxd4 4.
Nxd4 e5 5. Nxc6 bxc6 6. Bd3 Nf6 7. O-O Bc5 8. Qe2 O-O 9. Be3 Qe7 10. Bxc5 Qxc5 11. Nd2 Rb8 12. Nb3 Qe7 13. Rad1 d5 14.
h3 Re8 15. Qe3 g6 16. f3 Nh5 17. Qc5 Qg5 18. Qf2 Bxh3 19. Kh2 Be6 20. g4 Nf4 21. Rh1 Kg7 22. Kg1 Rh8 23. Kf1 a5 24. a4 d4 25.
Nc5 Rxb2 26. Nxe6+ Nxe6 27. Ke2 c5 28. Kf1 Rc8 29.
Bc4 Nf4 30. Rh2 Rcb8 31. Qd2 R8b4 32. Bd3 h6 33. Be2 c4 34. Qc1 Nxe2 35. Rxe2 Qxc1 36. Rxc1 Rxa4 37. Kf2 Raa2 38. Kg3 d3 39. Rd2 Rxc2 40. Rdxc2 Rxc2 41. Ra1 d2 42. Rd1 c3 43. Kf2 Rc1 44.
Ke2 Rxd1 45. Kxd1 a4 46. Kc2 a3 47. f4 a2 48. f5 a1=Q 49. f6+ Kxf6 50. g5+ Kxg5 0-1

[Event "Early-Titled-Tuesday-Blitz-February-13-2024"]
[Site "Chess.com"]
[Date "2024.02.13"]
[Round "3"]
[White "Andreikka"]
[Black "bulletteemo"]
[Result "0-1"]
[WhiteElo "2946"]
[BlackElo "2553"]
[TimeControl "180+1"]
[EndTime "8:32:22 PST"]
[Termination "bulletteemo won on time"]

1. d4 g6 2. Nf3 Bg7 3. g3 d6 4. Bg2 Nd7 5. O-O e5 6. e4 exd4 7. Nxd4 Ne7 8. Nc3 O-O 9. h3 Nc6 10. Be3 Nde5 11. b3 Nxd4 12. Bxd4 c5 13. Be3 Nc6 14. Bd2 c4 15. Rb1 cxb3 16. axb3 Be6 17.
Nd5 b5 18. Qe2 Nd4 19. Qd3 Qd7 20. Bh6 Nc6 21. Bxg7 Kxg7 22. f4 Bxh3 23. Qc3+ f6 24. f5 Bxg2 25. Kxg2 Ne5 26. Nf4 Rfc8 27. Qd2 Qc6 28. Kh3 Qxe4 29. Ne6+ Kh8 30. Nd4 gxf5 31. Rbe1 Qg4+ 32. Kg2 Rg8 33. Nxf5 Rac8 34. Rf4 Qg5 35. Ref1 Rc5 36. R1f2 Ng4 37. Qxd6 Rxf5 38. Rxf5 Ne3+ 0-1

[Event "Early-Titled-Tuesday-Blitz-February-13-2024"]
[Site "Chess.com"]
[Date "2024.02.13"]
[Round "3"]
[White "MrChessSponge"]
[Black "mbojan"]
[Result "0-1"]
[WhiteElo "2519"]
[BlackElo "2868"]
[TimeControl "180+1"]
[EndTime "8:32:22 PST"]
[Termination "mbojan won by checkmate"]

1. d4 a6 2. e4 e6 3. Bd3 d5 4. e5 c5 5. c3 Bd7 6. Nf3 cxd4 7.
cxd4 Bb5 8. Bxb5+ axb5 9. O-O Nc6 10. Nbd2 Nge7 11. Nb3 Nf5 12. Be3 Be7 13. Qd3 Qb6 14. a3 O-O 15. Rfc1 Ra4 16. g4 Nh4 17. Nxh4 Bxh4 18.
Nc5 Be7 19. Nd7 Qa6 20. Nxf8 Bxf8 21. Rab1 Qa5 22. h4 h6 23. g5 hxg5 24. hxg5 Rc4 25. Kg2 Ne7 26. b3 Rc6 27. Rxc6 bxc6 28. b4 Qd8 29. Rc1 Qa8 30. Rc3 g6 31. Bc1 Nf5 32. Qd1 Ne7 33. Be3 Qa6 34. f3 Nf5 35. Bf2 Qa8 36.
Qc2 Ne7 37. a4 bxa4 38. Ra3 Nf5 39. Rxa4 Qb7 40. Qb3 Qb5 41. Ra8 Kg7 42. Qc3 Qe2 43.
Rc8 Be7 44. Rxc6 Bxg5 45. b5 Be3 46. Qe1 Nh4+ 47. Kg3 Qxf3+ 48. Kxh4 g5# 0-1

[Event "Early-Titled-Tuesday-Blitz-February-13-2024"]
[Site "Chess.com"]
[Date "2024.02.13"]
[Round "3"]
[White "PavelShkapenko"]
[Black "Attacker_2006"]
[Result "1-0"]
[WhiteElo "2768"]
[BlackElo "2503"]
[TimeControl "180+1"]
[EndTime "8:32:22 PST"]
[Termination "PavelShkapenko won by resignation"]

1. e4 d5 2. exd5 Qxd5 3. Nf3 Qd8 4. d4 Nf6 5. Be2 g6 6. h3 Bg7 7. c4 O-O 8. O-O b6 9. Nc3 Bb7 10. Be3 e6 11. Ne5 Nbd7 12. f4 c5 13. Bf3 Bxf3 14. Qxf3 cxd4 15. Nc6 Qc7 16. Nb5 Qxc6 17. Qxc6 dxe3 18. Qf3 e5 19. f5 Bh6 20. Nd6 e4 21.
Nxe4 Nxe4 22. Qxe4 Rfe8 23. Qd5 Ne5 24. fxg6 hxg6 25. Rae1 Rad8 26. Qe4 Rd2 27. b3 Kf8 28. Rxe3 Bxe3+ 29. Qxe3 Rd7 30. Qh6+ Kg8 31. Rf4 Rde7 32. Rh4 f6 33. Qh8+ Kf7 34. Rh7+ Ke6 35. Rxe7+ Rxe7 36. Qg8+ Kd6 37. Qd5+ Kc7 38. c5 Rd7 39. cxb6+ axb6 40. Qe4 Rd1+ 41. Kh2 Rd6 42. a4 g5 43. b4 Kd7 44. Qb7+ Ke6 45. a5 Rd2 46. a6 Rb2 47. a7 1-0

[Event "Early-Titled-Tuesday-Blitz-February-13-2024"]
[Site "Chess.com"]
[Date "2024.02.13"]
[Round "3"]
[White "kakarot_001"]
[Black "Lion_DL"]
[Result "1-0"]
[WhiteElo "2648"]
[BlackElo "2462"]
[TimeControl "180+1"]
[EndTime "8:32:23 PST"]
[Termination "kakarot_001 won by resignation"]

1. e4 c5 2. Nf3 e6 3. b3 b6 4. d4 cxd4 5. Nxd4 Bb7 6. Bd3 a6 7. Bb2 d6 8. O-O Nf6 9. Qe2 Nbd7 10. c4 Qc7 11. Nc3 Be7 12. Rac1 O-O 13. Rfd1 Rfe8 14.
f3 Rac8 15. Kh1 Qb8 16. Qf2 d5 17. cxd5 exd5 18. exd5 Nxd5 19. Nxd5 Bxd5 20. Bxa6 Rxc1 21. Rxc1 Bc5 22. Bb5 Rd8 23. Qh4 Ne5 24. Qg3 Ng6 25. Qxb8 Rxb8 26. Nf5 f6 27. Ng3 Nf4 28. Ne4 Be3 29.
Re1 Bc5 30. Nxc5 bxc5 31. Bf1 Ra8 32. Bc1 Ne6 33. Rd1 Bb7 34. Bc4 Bc8 35. Rd8+ Kf7 36. a4 Ke7 37. Rd1 Ba6 38. Bxa6 Rxa6 39. Be3 Rb6 40. Rb1 c4 41. Bxb6 1-0

[Event "Early-Titled-Tuesday-Blitz-February-13-2024"]
[Site "Chess.com"]
[Date "2024.02.13"]
[Round "3"]
[White "WiktoriaPOL"]
[Black "sharkarton"]
[Result "0-1"]
[WhiteElo "2266"]
[BlackElo "2538"]
[TimeControl "180+1"]
[EndTime "8:32:23 PST"]
[Termination "sharkarton won by checkmate"]

1. c4 e5 2. Nc3 Nf6 3. Nf3 e4 4. Ng5 b6 5. Ngxe4 Bb7 6. Nxf6+ Qxf6 7. e4 Bc5 8. Qe2 Nc6 9. d3 Nd4 10. Qd2 c6 11. Rb1 a5 12. b3 O-O 13. Bb2 d5 14.
Ne2 dxe4 15. Nxd4 Bxd4 16. dxe4 Rad8 17. Bxd4 Rxd4 18. Qe3 c5 19. f3 Re8 20. Be2 Bxe4 21. O-O Bc6 22. Qf2 Rd2 23. Rfe1 Rxa2 24. Rbd1 Qb2 25. Rd6 g6 26. Kf1 Bb7 27. Rxb6 Bc8 28. Rb5 Bf5 29. Rxc5 Bd3 30. Rd5 Bxe2+ 31. Kg1 Ra1 32.
g3 Rxe1+ 33. Qxe1 Qc2 34. Rd4 Re6 35. Re4 Rxe4 36. fxe4 Qxe4 37. Qd2 Bd3 38. Qc3 Qe2 39. Qxa5 Qf1# 0-1

[Event "Early-Titled-Tuesday-Blitz-February-13-2024"]
[Site "Chess.com"]
[Date "2024.02.13"]
[Round "3"]
[White "HalfIsCrayfish"]
[Black "DarkAlekhine"]
[Result "0-1"]
[WhiteElo "2588"]
[BlackElo "2817"]
[TimeControl "180+1"]
[EndTime "8:32:24 PST"]
[Termination "DarkAlekhine won by checkmate"]

1. d4 Nf6 2. c4 e6 3. Nf3 b6 4. g3 Ba6 5. b3 Bb4+ 6. Bd2 Be7 7. Bg2 d5 8. Bc3 O-O 9. Nbd2 Nbd7 10. O-O Bb7 11. Ne5 c5 12. e3 Rc8 13. Qe2 Qc7 14.
f4 dxc4 15. bxc4 cxd4 16. exd4 Bxg2 17. Qxg2 b5 18. Bb2 bxc4 19. Ndxc4 Nxe5 20. Nxe5 Qc2 21. Rf2 Qe4 22. Qxe4 Nxe4 23. Re2 Nf6 24. Rc1 Rxc1+ 25. Bxc1 Rc8 26. Bb2 Nd5 27. Kf2 f6 28. Nd3 Kf7 29. Ke1 Rc4 30. Kd1 Ra4 31. Ba1 h5 32. h4 Bd6 33. Ke1 Ne7 34. Kf2 Nf5 35. Nc5 Bxc5 36. dxc5 Rc4 37. Rb2 Rxc5 38. Rb7+ Kg6 39. Rxa7 Rc1 40. a4 Rxa1 41. a5 Ra2+ 42. Kf3 Ra3+ 43. Kf2 Nxg3 44. Ra8 Ne4+ 45. Kg2 Kf5 46. a6 Kxf4 47.
a7 e5 48. Kh2 f5 49. Kg2 Kg4 50. Kh2 Ra2+ 51. Kh1 Kg3 52. Rg8 Ra1# 0-1

[Event "Early-Titled-Tuesday-Blitz-February-13-2024"]
[Site "Chess.com"]
[Date "2024.02.13"]
[Round "3"]
[White "ProfessorChess101"]
[Black "MaxLeto"]
[Result "1-0"]
[WhiteElo "2811"]
[BlackElo "2510"]
[TimeControl "180+1"]
[EndTime "8:32:24 PST"]
[Termination "ProfessorChess101 won by checkmate"]

1. d4 d5 2. c4 e6 3. Nf3 Nf6 4. Nc3 Be7 5. Bf4 O-O 6. e3 b6 7. Be2 Bb7 8. O-O c5 9. cxd5 Nxd5 10. Nxd5 Qxd5 11. a3 Nd7 12. dxc5 Nxc5 13. b4 Ne4 14. Rc1 a5 15. Rc7 Bf6 16. Bc4 Qxd1 17. Rxd1 Nc3 18. Rc1 Bd5 19. Bf1 Rfc8 20. Nd4 Rxc7 21. Bxc7 Rc8 22. Rxc3 axb4 23. axb4 Be5 24. Bxe5 Rxc3 25.
f3 f6 26. Bd6 Rxe3 27. Bc7 b5 28. Bxb5 e5 29. Nf5 Re1+ 30. Kf2 Rd1 31. Ne7+ Kf7 32.
Nxd5 Rd2+ 33. Ke3 Rxg2 34. Bc4 Kg6 35. b5 Rxh2 36. b6 Rb2 37. Ba6 h5 38. b7 h4 39.
b8=Q Rxb8 40. Bxb8 Kg5 41. Kf2 f5 42. Bxe5 g6 43.
Bf4+ Kh5 44. Nf6# 1-0

[Event "Early-Titled-Tuesday-Blitz-February-13-2024"]
[Site "Chess.com"]
[Date "2024.02.13"]
[Round "3"]
[White "YurasovMat-2012"]
[Black "evgchess5"]
[Result "1/2-1/2"]
[WhiteElo "2673"]
[BlackElo "2957"]
[TimeControl "180+1"]
[EndTime "8:32:25 PST"]
[Termination "Game drawn by agreement"]

1. e4 c5 2. Nf3 e6 3. b3 d6 4.
Bb2 Nf6 5. e5 dxe5 6. Nxe5 Bd6 7. d3 O-O 8. Be2 Nbd7 9. Nxd7 Bxd7 10. O-O Qc7 11. h3 Nd5 12. Nd2 Bc6 13. Bf3 Be7 14.
Re1 Rfe8 15. Nc4 Nb4 16. Bxc6 Nxc6 17. Qf3 Rad8 18. Rad1 Nd4 19. Bxd4 cxd4 20. a4 Rd5 21. Re2 Red8 22. Rde1 Bb4 23. Rd1 a6 24. Qe4 b5 25.
axb5 axb5 26. Ne5 Rc5 27. Qh4 f6 28. Nf3 e5 29. Rc1 Rc3 30. Ra1 Rc8 31. Ra2 Bf8 32. Qg4 Rd8 33. Qe6+ Qf7 34. Qb6 Qe8 35. Qb7 Qc6 36.
Ra7 Qxb7 37. Rxb7 b4 38. Ne1 Ra8 39. g3 Rac8 40. Kg2 R3c7 41. Rxc7 Rxc7 42. f4 exf4 43.
gxf4 Kf7 44. Nf3 Rd7 45. Nd2 Be7 46. Kf3 1/2-1/2

[Event "Early-Titled-Tuesday-Blitz-February-13-2024"]
[Site "Chess.com"]
[Date "2024.02.13"]
[Round "3"]
[White "MelihKaanCan"]
[Black "Gerodot71"]
[Result "0-1"]
[WhiteElo "2383"]
[BlackElo "2607"]
[TimeControl "180+1"]
[EndTime "8:32:25 PST"]
[Termination "Gerodot71 won by resignation"]

1. e4 c5 2. Nc3 d6 3. g3 Nc6 4. Bg2 g6 5. d3 Bg7 6. f4 h5 7. Nf3 Rb8 8. a4 a6 9. Be3 Nd4 10. e5 Nxf3+ 11. Qxf3 Nh6 12. h3 Nf5 13. Bf2 O-O 14. exd6 exd6 15. O-O Bd7 16. Rab1 Bc6 17. Qd1 Bxg2 18. Kxg2 b5 19. axb5 axb5 20. Ne4 c4 21.
dxc4 bxc4 22. c3 Re8 23. Qd5 Qd7 24. Rfe1 Rb5 25. Qxc4 d5 26. Qd3 Rd8 27. Nd2 Qb7 28. Kh2 Rxb2 29. Rxb2 Qxb2 30. Rb1 Qxc3 31. Qxc3 Bxc3 32.
Nf3 d4 33. Rd1 d3 34. Bb6 Rd6 35. Bc7 Rd5 36. Be5 Ne3 37. Rb1 Bxe5 38. fxe5 d2 39. Rb8+ Kg7 40. Nxd2 Rxd2+ 41. Kh1 Nf5 42. g4 hxg4 43. hxg4 Ne3 44. Rb3 Nxg4 45. e6 fxe6 46. Rg3 Nf2+ 47. Kg1 Ne4 48. Re3 Ng5 49. Re5 Nf3+ 0-1